[gd_scene load_steps=7 format=3 uid="uid://cl4dgvnhgcup7"]

[ext_resource type="Script" path="res://assets/scripts/player_and_camera/player_inputs.gd" id="1_elygb"]
[ext_resource type="Script" path="res://assets/scripts/player_and_camera/player_user.gd" id="2_yxvby"]
[ext_resource type="PackedScene" uid="uid://dn60mfo47n2y5" path="res://assets/models/player_model.tscn" id="3_kbruq"]
[ext_resource type="Script" path="res://assets/scripts/player_and_camera/CameraJoint.gd" id="4_jarn3"]

[sub_resource type="CylinderShape3D" id="CylinderShape3D_4kdlk"]
height = 2.3

[sub_resource type="SphereShape3D" id="SphereShape3D_rjcpn"]
radius = 0.7

[node name="player_node" type="Node3D"]

[node name="player_input" type="Node3D" parent="."]
script = ExtResource("1_elygb")

[node name="Pivot_X" type="Node3D" parent="."]

[node name="Pivot_Z" type="Node3D" parent="Pivot_X"]

[node name="player_user" type="CharacterBody3D" parent="Pivot_X/Pivot_Z"]
transform = Transform3D(1, 0, -2.98023e-08, 0, 1, 0, 2.98023e-08, 0, 1, 0, 0, 0)
collision_layer = 2
collision_mask = 5
script = ExtResource("2_yxvby")

[node name="player_model" parent="Pivot_X/Pivot_Z/player_user" instance=ExtResource("3_kbruq")]
transform = Transform3D(-0.999994, 0, 0.00335112, 0, 1, 0, -0.00335112, 0, -0.999994, 0, -0.742096, 0)

[node name="CollisionShape3D" type="CollisionShape3D" parent="Pivot_X/Pivot_Z/player_user"]
transform = Transform3D(1, 0, 0, 0, 1, 0, 0, 0, 1, 0, 0.395161, 0)
shape = SubResource("CylinderShape3D_4kdlk")

[node name="RemoteTransform3D" type="RemoteTransform3D" parent="Pivot_X/Pivot_Z/player_user"]
transform = Transform3D(1, 0, 5.32907e-15, 0, 1, 0, -5.32907e-15, 0, 1, 0, 0.3, 0)
remote_path = NodePath("../../../../CameraGimbal")
update_rotation = false

[node name="RigidBody3D" type="RigidBody3D" parent="Pivot_X/Pivot_Z/player_user"]
transform = Transform3D(1, 0, 0, 0, 1, 0, 0, 0, 1, 0, 0.627586, 0)
collision_layer = 8
axis_lock_linear_x = true
axis_lock_linear_y = true
axis_lock_linear_z = true
axis_lock_angular_x = true
axis_lock_angular_y = true
axis_lock_angular_z = true
max_contacts_reported = 1
contact_monitor = true

[node name="CollisionShape3D" type="CollisionShape3D" parent="Pivot_X/Pivot_Z/player_user/RigidBody3D"]
shape = SubResource("SphereShape3D_rjcpn")

[node name="CameraGimbal" type="Node3D" parent="."]
transform = Transform3D(1, 0, -2.98023e-08, 0, 1, 0, 2.98023e-08, 0, 1, 0, 0.3, 0)
script = ExtResource("4_jarn3")

[node name="InnerGimbal" type="SpringArm3D" parent="CameraGimbal"]
transform = Transform3D(1, 1.42109e-14, 0, 0, 0.95882, 0.284015, 0, -0.284015, 0.95882, 0, 0, 0)
collision_mask = 5
spring_length = 2.0
margin = 0.05

[node name="Camera3D" type="Camera3D" parent="CameraGimbal/InnerGimbal"]
transform = Transform3D(1, -5.93271e-08, 2.00002e-07, 5.92503e-08, 1, 0.000383794, -2.00025e-07, -0.000383914, 1, 0.00642874, 0.30804, 2.10884)

[connection signal="movement_signal" from="player_input" to="Pivot_X/Pivot_Z/player_user" method="_on_player_input_movement_signal"]
[connection signal="rotation_signal" from="player_input" to="Pivot_X/Pivot_Z/player_user" method="_on_player_input_rotation_signal"]
[connection signal="movement_player" from="Pivot_X/Pivot_Z/player_user" to="Pivot_X/Pivot_Z/player_user" method="_on_movement_player"]
[connection signal="body_entered" from="Pivot_X/Pivot_Z/player_user/RigidBody3D" to="Pivot_X/Pivot_Z/player_user" method="_on_rigid_body_3d_body_entered"]
